 Dungeon Crawl Stone Soup version 0.27.1-4-g1640c2035a (webtiles) character file.

Game seed: 13868697977439845922

28 raph the Grave Robber (level 3, 0/25 HPs)
             Began as a Human Necromancer on Nov 6, 2021.
             Slain by a jackal (3 damage)
             ... on level 1 of the Dungeon.
             The game lasted 00:02:40 (1692 turns).

raph the Grave Robber (Human Necromancer)           Turns: 1692, Time: 00:02:41

Health: 0/25       AC:  2    Str:  8    XL:     3   Next: 27%
Magic:  5/6        EV: 12    Int: 16    God:
Gold:   57         SH:  0    Dex: 13    Spells: 1/6 levels left

rFire    + . .     SeeInvis .   f - +0 quarterstaff
rCold    . . .     Faith    .   (shield currently unavailable)
rNeg     . . .     Spirit   .   a - +0 robe
rPois    .         Reflect  .   (no helmet)
rElec    .         Harm     .   (no cloak)
rCorr    .         Rampage  .   (no gloves)
Will     .....                  (no boots)
Stlth    ++........             (no amulet)
HPRegen  0.08/turn              e - ring of protection from fire
MPRegen  0.10/turn              (no ring)

@: no status effects
A: no striking features
a: no special abilities


You were on level 1 of the Dungeon.
You visited 1 branch of the dungeon, and saw 2 of its levels.

You collected 57 gold pieces.

Inventory:

Hand Weapons
 b - a +0 dagger
 f - a +0 quarterstaff (weapon)
Armour
 a - a +0 robe (worn)
Jewellery
 e - a ring of protection from fire (left hand)
Scrolls
 h - a scroll of identify {unknown}
 i - a scroll of noise {unknown}
Potions
 c - a potion of degeneration {unknown}
 d - a potion of attraction {unknown}
 g - a potion of cancellation {unknown}
 j - a potion of curing {unknown}


   Skills:
 + Level 0.7 Fighting
 + Level 2.2 Dodging
 + Level 2.3 Stealth
 + Level 2.1 Spellcasting
 * Level 4.3 Necromancy


You had one spell level left.
You knew the following spells:

 Your Spells              Type           Power      Damage    Failure   Level
a - Pain                  Necr           60%        1d7       3%          1
b - Animate Skeleton      Necr           30%        N/A       3%          1
c - Vampiric Draining     Necr           7%         2d7       10%         3

Your spell library contained the following spells:

 Spells                   Type           Power      Damage    Failure   Level
 Animate Dead             Necr           7%         N/A       32%         4
 Agony                    Necr           15%        N/A       67%         5
 Hailstorm                Conj/Ice       1%         3d3       90%         4
 Ice Form                 Ice/Tmut       1%         N/A       90%         4
 Petrify                  Tmut/Erth      1%         N/A       90%         4
 Metabolic Englaciation   Hex/Ice        0%         N/A       99%         5
 Simulacrum               Ice/Necr       4%         N/A       100%        6
 Statue Form              Tmut/Erth      0%         N/A       100%        6


Dungeon Overview and Level Annotations

Branches:
Dungeon (2/15)

Altars:


Message History

The hobgoblin closely misses you. The goblin hits you with a +0 club.
You hit the hobgoblin but do no damage.
The hobgoblin is severely wounded.
The jackal closely misses you. The jackal misses you. The hobgoblin misses you.
The goblin hits you with a +0 club.
The jackal bites you but does no damage.
The jackal bites you.
You closely miss the hobgoblin.
The hobgoblin is severely wounded.
The jackal barely misses you. The goblin hits you with a +0 club.
The hobgoblin hits you.
The jackal bites you but does no damage.
The jackal bites you. The hobgoblin hits you.
The goblin hits you with a +0 club.
* * * LOW HITPOINT WARNING * * *
The jackal bites you.
* * * LOW HITPOINT WARNING * * *
The jackal barely misses you. The jackal misses you. The jackal bites you.
* * * LOW HITPOINT WARNING * * *
There is a stone staircase leading up here.
The jackal bites you.
* * * LOW HITPOINT WARNING * * *
The jackal bites you.
* * * LOW HITPOINT WARNING * * *
The jackal barely misses you.
You climb upwards.
There is a stone staircase leading down here.
The jackal closely misses you.
You see here a rat corpse.
Casting: Vampiric Draining (quite dangerous; 10% risk of failure)
Confirm with . or Enter, or press ? or * to list all spells.
You attempt to give life to the dead...
Before your eyes, flesh is ripped from the corpse!
The dead are walking!
The jackal closely misses you. x2
The jackal closely misses you.
Okay, then.
The jackal bites you.
You die...

##......†...####........#####
########..#.###.............# #..
..........#..#######........# #.#
#..........#.#### ##...###### #.#
................###..### ##.#
..........#......##.## #..#
..................#.##########.##
....................#..........#
................@hZ..)##########
#................h...##
#....................#####
..................#......##
..................##.###..#######
.>................##...##........
..................####>.....(....
..................#######>.......
#........#######.......##........


You could see 2 jackals and a friendly rat skeleton.

Vanquished Creatures
  2 dart slugs (D:1)
  4 endoplasms (D:1)
  4 goblins (D:1)
  2 hobgoblins (D:1)
  A quokka (D:1)
  6 ball pythons (D:1)
  2 kobolds (D:1)
  2 rats (D:1)
23 creatures vanquished.

Notes
Turn   | Place    | Note
-------+----------+-------------------------------------------
     0 | D:1      | raph the Human Necromancer began the quest for the Orb.
     0 | D:1      | Reached XP level 1. HP: 13/13 MP: 3/3
   341 | D:1      | Found a faded altar of an unknown god.
   415 | D:1      | Learned a level 1 spell: Animate Skeleton
   493 | D:1      | Reached XP level 2. HP: 17/19 MP: 0/5
  1136 | D:1      | Reached XP level 3. HP: 8/25 MP: 0/6
  1140 | D:1      | Learned a level 3 spell: Vampiric Draining
  1692 | D:1      | Slain by a jackal

Illustrated notes

Levels and vault maps discovered:
D:1:      kennysheep_arrival_forest, layout_rooms, basic_ecumenical_altar
D:2:      layout_rooms, kennysheep_generic_room_13

Action                   || total
-------------------------++-------
Melee: Quarterstaff      ||    18
 Cast: Pain              ||    30
       Animate Skeleton  ||     3
       Vampiric Draining ||     2
Armor: Robe              ||     3
Dodge: Dodged            ||    31
